 Dungeon Crawl Stone Soup version 0.19-a0-1065-gdac414d (webtiles) character file.

465 Gagarin the Magician (level 6, -4/38 HPs)
             Began as a High Elf Wizard on Aug 3, 2016.
             Killed by divine providence
             ... invoked by an orc priest
              (13 damage)
             ... on level 6 of the Dungeon.
             The game lasted 00:19:01 (3649 turns).

Gagarin the Magician (High Elf Wizard)              Turns: 3649, Time: 00:19:02

Health: -4/38      AC:  5    Str:  7    XL:     6   Next: 80%
Magic:  1/15       EV: 15    Int: 22    God:
Gold:   140        SH:  0    Dex: 15    Spells: 6 memorised, 4 levels left

rFire  . . .     SeeInvis .     p - +0 dagger
rCold  . . .     Gourm    .     y - +2 robe {MR+}
rNeg   . . .     Faith    .     (no shield)
rPois  .         Spirit   .     j - +0 helmet
rElec  .         Dismiss  .     (no cloak)
rCorr  .         Reflect  .     (no gloves)
SustAt .         Harm     .     (no boots)
MR     +....                    (no amulet)
Stlth  ++........               (no ring)
                                s - ring of loudness (curse)

@: very slightly contaminated
A: no striking features
a: no special abilities


You were on level 6 of the Dungeon.
You were not hungry.

You visited 1 branch of the dungeon, and saw 4 of its levels.

You collected 140 gold pieces.

Inventory:

Hand Weapons
 p - a +0 dagger (weapon)
Missiles
 q - 26 poisoned needles
 r - 8 needles of sleeping
Armour
 a - a +0 robe
 b - a +0 hat
 j - a +0 helmet (worn)
 l - a +1 leather armour of cold resistance
 y - a +2 robe of magic resistance (worn)
Jewellery
 s - a cursed ring of loudness (left hand)
 A - an uncursed ring of positive energy {unknown}
Scrolls
 i - 2 scrolls of teleportation {unknown}
 k - 2 scrolls of identify {unknown}
 n - 2 scrolls of fog {unknown}
 o - 3 scrolls of remove curse {unknown}
 t - 3 scrolls of random uselessness {unknown}
 u - a scroll of enchant weapon {unknown}
 D - a scroll of noise {unknown}
 E - a scroll of enchant armour {unknown}
Potions
 e - a potion of heal wounds
 h - a potion of brilliance {unknown}
 v - a potion of curing {unknown}
 w - a potion of degeneration {unknown}
 x - a potion of cancellation {unknown}
 z - 2 potions of resistance {unknown}
 C - 2 potions of berserk rage {unknown}
Books
 c - a book of Minor Magic

   Spells                             Type                      Level
   a - Magic Dart                     Conjuration                  1
   b - Blink                          Translocation                2
   c - Call Imp                       Summoning                    2
   d - Repel Missiles                 Charms/Air                   2
   e - Slow                           Hexes                        2
   f - Conjure Flame                  Conjuration/Fire             3
   g - Mephitic Cloud                 Conjuration/Poison/Air       3
 F - a Young Poisoner's Handbook

   Spells                             Type                      Level
   a - Sting                          Conjuration/Poison           1
   b - Mephitic Cloud                 Conjuration/Poison/Air       3
   c - Olgreb's Toxic Radiance        Poison                       4
   d - Alistair's Intoxication        Transmutation/Poison         5
   e - Venom Bolt                     Conjuration/Poison           5
Comestibles
 d - 4 bread rations
 f - 2 meat rations
 g - 3 fruits
 m - a beef jerky
 B - 3 chunks of flesh


   Skills:
 + Level 1.1 Fighting
 + Level 4.6 Dodging
 + Level 3.9 Stealth
 + Level 5.5 Spellcasting
 + Level 2.8 Conjurations
 + Level 1.5 Summonings
   Level 1.1 Translocations
 + Level 1.2 Air Magic
 + Level 0.5 Poison Magic


You had 4 spell levels left.
You knew the following spells:

 Your Spells              Type           Power        Failure   Level  Hunger
a - Magic Dart            Conj           ###.         3%          1    None
b - Mephitic Cloud        Conj/Pois/Air  ##......     17%         3    ##.....
c - Conjure Flame         Conj/Fire      ##......     17%         3    ##.....
d - Call Imp              Summ           ##......     10%         2    None
e - Repel Missiles        Chrm/Air       #.....       14%         2    None
f - Sting                 Conj/Pois      ##..         6%          1    None


Dungeon Overview and Level Annotations

Branches:
Dungeon (3/15)

Altars:
Ru

Annotations:
D:3 Gagarin's ghost, amateur HEWz


Message History

The orc priest hits you but does no damage.
The orc priest invokes the aid of Beogh against you.
Beogh smites you!
You see here a giant club.
The orc priest mumbles some strange prayers to Beogh against you.
Beogh smites you!
* * * LOW HITPOINT WARNING * * *
You hear a slurping noise.
Casting: Sting
Confirm with . or Enter, or press ? or * to list all spells.
Aiming: Sting
Press: ? - help, Shift-Dir - straight line, f/p - orc priest
Aim: an orc priest (moderately wounded)
The sting misses the orc priest.
The sting hits the jelly.
The jelly completely resists.
The orc priest mumbles some strange prayers to Beogh against you.
You resist with some effort.
The orc priest invokes the aid of Beogh against you.
Beogh smites you!
You die...

#.........#
#....(....#
#.รท.......#
#......J..#
#.....o...#
+.......o.#
#.........#
#.........#
#########@#
#.#
#########
#.#
........##
#.#
.........#
#.#
.........#
#.#
.........#
#.#
.........#
#.#
.........#
#.#


You could see a jelly, an orc priest and an orc.

Vanquished Creatures
  Sigmund (D:2)
  2 ogres (D:6)
  An orc priest (D:6)
  A giant frog skeleton (D:3)
  A hound zombie (D:6)
  2 hound skeletons (D:6)
  2 adders (D:3)
  A worm (D:2)
  A dart slug (D:1)
  2 orcs
  3 bats (D:2)
  3 giant cockroaches
  8 goblins
  4 hobgoblins
  3 jackals (D:6)
  6 kobolds
  A ball python (D:1)
  2 giant newts
  4 rats
48 creatures vanquished.

Vanquished Creatures (collateral kills)
  An ogre (D:6)
  A worker ant zombie (D:6)
2 creatures vanquished.

Grand Total: 50 creatures vanquished

Notes
Turn   | Place    | Note
-------+----------+-------------------------------------------
     0 | D:1      | Gagarin the High Elf Wizard began the quest for the Orb.
     0 | D:1      | Reached XP level 1. HP: 11/11 MP: 6/6
   427 | D:1      | Reached skill level 4 in Spellcasting
   687 | D:1      | Reached XP level 2. HP: 17/17 MP: 5/8
  1553 | D:2      | Noticed Sigmund
  1633 | D:2      | Reached XP level 3. HP: 21/21 MP: 7/9
  1774 | D:2      | Found a sacrificial altar of Ru.
  1783 | D:1      | Learned a level 3 spell: Mephitic Cloud
  2609 | D:3      | Noticed Gagarin's ghost (amateur HEWz)
  2891 | D:1      | Learned a level 3 spell: Conjure Flame
  2894 | D:1      | Learned a level 2 spell: Call Imp
  2933 | D:2      | Killed Sigmund
  2933 | D:2      | Reached skill level 5 in Spellcasting
  2933 | D:2      | Reached skill level 1 in Summonings
  2933 | D:2      | Reached skill level 1 in Air Magic
  2933 | D:2      | Reached XP level 4. HP: 27/27 MP: 0/12
  2933 | D:2      | Reached XP level 5. HP: 32/32 MP: 0/13
  3243 | D:2      | Learned a level 2 spell: Repel Missiles
  3446 | D:3      | You fall through a shaft for 3 floors!
  3491 | D:6      | Noticed an ogre
  3508 | D:6      | Killed an ogre
  3508 | D:6      | Reached XP level 6. HP: 30/37 MP: 7/14
  3550 | D:6      | Learned a level 1 spell: Sting
  3625 | D:6      | Reached skill level 1 in Fighting
  3649 | D:6      | Killed from afar by an orc priest

Vault maps used:
D:1:      nicolae_arrival_somewhat_less_tricky_arrival
D:2:      hangedman_ru_absence, uniq_sigmund
D:3:      minmay_diamond_boxcup, kiku_gazebo_pond_becter
D:6:      lemuel_doored_altar

Skill      XL: |  1  2  3  4  5  6 |
---------------+-------------------+-----
Spellcasting   | 4 5 |  5.5
Dodging        | 3 4 |  4.6
Stealth        | 3 |  3.9
Conjurations   | 2 |  2.8
Summonings     | 1 |  1.5
Air Magic      | 1 |  1.2
Fighting       | 1 |  1.1
Translocations | |  1.1
Poison Magic   | |  0.5

Action                   |  1- 3 |  4- 6 || total
-------------------------+-------+-------++-------
Melee: Dagger            |    34 |    80 ||   114
 Cast: Magic Dart        |    79 |     9 ||    88
       Mephitic Cloud    |     4 |     3 ||     7
       Call Imp          |     2 |     5 ||     7
       Sting             |       |    15 ||    15
  Use: Potion            |       |     1 ||     1
 Stab: Sleeping          |     1 |       ||     1
       Confused          |     1 |       ||     1
       Distracted        |       |     2 ||     2
  Eat: Chunk             |     6 |     3 ||     9
Armor: Robe              |     8 |    29 ||    37
Dodge: Dodged            |    46 |    76 ||   122
